 Dungeon Crawl Stone Soup version 0.31.0-9-g3a7656b989 (webtiles) character file.

Game seed: 7569484420976846774

8 Colgate the Poker (level 2, 13/24 HPs)
             Began as a Demonspawn Cinder Acolyte on Feb 2, 2024.
             Was a High Priest of Ignis.
             Quit the game on level 1 of the Dungeon.
             The game lasted 00:00:16 (150 turns).

Colgate the Poker (Demonspawn Cinder Acolyte)        Turns: 150, Time: 00:00:16

Health: 13/24      AC:  2    Str: 14    XL:     2   Next: 0%
Magic:  3/3        EV: 11    Int: 14    God:    Ignis [*****.]
Gold:   11         SH:  0    Dex:  8    Spells: 3/3 levels left

rFire   + . .        a - -1 spear (flame)
rCold   . . .        (no shield)
rNeg    . . .        b - +0 robe
rPois   .            (no helmet)
rElec   .            (no cloak)
rCorr   .            (no gloves)
SInv    .            (no boots)
Will    .....        (no amulet)
Stlth   +            (no ring)
HPRegen 0.24/turn    (no ring)
MPRegen 0.08/turn

%: no passive effects
@: no status effects
A: demonic touch 1
a: Renounce Religion, Fiery Armour, Foxfire Swarm, Rising Flame


You were on level 1 of the Dungeon.
You worshipped Ignis.
Ignis was extremely pleased with you.
You visited 1 branch of the dungeon, and saw 1 of its levels.

You collected 11 gold pieces.

Inventory:

Hand Weapons
 a - a -1 spear of flaming (weapon)
Armour
 b - a +0 robe (worn)
 g - a +0 pair of gloves
 h - a +0 helmet
Scrolls
 c - a scroll of torment {unknown}
 d - a scroll of enchant weapon {unknown}
 f - 2 scrolls of poison {unknown}
Potions
 e - a potion of mutation {unknown}


   Skills:
 - Level 3.0 Fighting
 + Level 3.2 Polearms
 - Level 1.0 Spellcasting
 - Level 2.6 Fire Magic


You had 3 spell levels left.
You didn't know any spells.
Your spell library contained the following spells:

 Spells                   Type           Power      Damage    Failure   Level
 Scorch                   Fire           16%        2d5       13%         2


Dungeon Overview and Level Annotations

Branches:
Dungeon (1/15)

Altars:


Innate Abilities, Weirdness & Mutations

Your touch may inflict minor irresistible damage on your foes.


Message History

You closely miss the frilled lizard. The frilled lizard misses you.
There are monsters nearby!
You miss the frilled lizard.
A jackal comes into view.
The frilled lizard bites you but does no damage.
The jackal bites you but does no damage.
There are monsters nearby!
The jackal barks!
You hit the frilled lizard. You burn the frilled lizard.
You kill the frilled lizard!
You hear an angry hiss.
You hear a shout!
You hear an angry hiss.
The jackal barely misses you.
There are monsters nearby!
You hit the goblin. You burn the goblin. The jackal bites you.
A goblin comes into view. It is wielding a +0 club.
The goblin hits you with a +0 club.
A ball python comes into view.
The jackal barely misses you.
There are monsters nearby!
You completely miss the goblin. The jackal bites you.
The goblin closely misses you. The quokka barely misses you.
There are monsters nearby!
The ball python hisses angrily.
You hit the goblin. You burn the goblin.
You kill the goblin!
You hear a bark!
The quokka barely misses you.
You hear an angry hiss.
There are monsters nearby!
You closely miss the quokka.
The quokka twitches its whiskers.
The quokka bites you. The jackal bites you.
There are monsters nearby!
You hit the quokka. You burn the quokka.
You kill the quokka!
The jackal bites you. The jackal barely misses you.
You have reached level 2!
Your demonic ancestry asserts itself...
Your hands begin to faintly glow with unholy energy.
Are you sure you want to abandon this character and quit the game? (Confirm with "yes".)

####### #..)....##.....#
####>....## #.####.........#
.....###..###.# #..###....#
..........#...####(........#
......†##...####......######
.......##......#...##.###
.....#..#....#...........
.###.#..####.###...#.###.#
.# #......##.# #@h.#.# # ##
#.####..### #.h.# . #.# #...
..#S# #. #.# ### ##...g. ..
#.# ..#.#.# ♣♣♣.♣♣♣♣♣
........ ♣<......♣ ...#.#
#.#


♣.PPPPP.♣ .... .. ♣.P~~~P.♣ You could see 2 jackals, a goblin and a ball python.

Vanquished Creatures
  2 goblins (D:1)
  A hobgoblin (D:1)
  A jackal (D:1)
  A quokka (D:1)
  A ball python (D:1)
  A frilled lizard (D:1)
7 creatures vanquished.

Notes
Turn   | Place    | Note
-------+----------+-------------------------------------------
     0 | D:1      | Colgate the Demonspawn Cinder Acolyte began the quest for
                  | the Orb.
     0 | D:1      | Reached XP level 1. HP: 18/18 MP: 2/2
   150 | D:1      | Gained mutation: Your touch may inflict minor irresistible
                  | damage on your foes. [demonic ancestry]
   150 | D:1      | Reached XP level 2. HP: 13/24 MP: 3/3
   150 | D:1      | Quit the game

Illustrated notes

Levels and vault maps discovered:
D:1:      tarquinn_simple_flora_water_a, layout_basic,
          ebering_ecumenical_altar_box, st_stairs_11

Skill      XL: |  1 |
---------------+----+-----
Polearms       | 3 |  3.2
Fighting       | |  3.0
Spellcasting   | |  1.0
Fire Magic     | |  2.6

Action                     || total
---------------------------++-------
  Melee: Spear             ||    22
 Armour: Robe              ||    15
  Dodge: Dodged            ||    11
